Map: Baía do Rei LE

Players

Erik - Winner!

  • Race: Zerg Zerg
  • League: Master
  • Spawn Location: 11:00

Shakti (NanO)

  • Race: Protoss Protoss
  • League: Master
  • Spawn Location: 5:00

VOD

Have the link to the VOD?

Description

Time

  • Played on: Jan. 19, 2025, 11:45 a.m.
  • Length: 8:30
Show
View Real Time Build Order
Export as new Build Order

Erik Zerg - Winner!

Build Orders: Hatch First 

Get SALT Encoding   

  12  0:00  Drone  
  13  0:07  Drone  
  14  0:14  Extractor  
  14  0:15  Drone  
  15  0:21  Overlord  
  15  0:40  Drone  
  16  0:46  Hatchery  
  15  0:50  Drone  
  15  0:53  Drone  
  17  0:57  Drone  
  18  1:11  Spawning Pool  
  18  1:16  Drone  
  18  1:33  Hatchery  
  18  1:36  Drone  
  18  1:39  Drone  
  19  1:42  Drone  
  20  1:48  Drone  
  20  1:50  Extractor  
  20  1:58  Drone  
  20  2:00  Queen  
  23  2:04  Drone  
  24  2:09  Drone  
  24  2:10  Drone  
  26  2:21  Drone x2  
  28  2:30  Overlord  
  28  2:36  Hatchery  
  27  2:40  Drone  
  28  2:47  Zergling x4  
  28  2:50  Drone  
  31  2:52  Queen  
  31  2:55  Drone  
  31  2:58  Drone  
  35  3:01  Metabolic Boost  
  35  3:06  Overlord  
  35  3:09  Drone  
  35  3:11  Drone  
  37  3:13  Drone  
  37  3:19  Queen  
  38  3:22  Drone  
  38  3:24  Drone  
  42  3:28  Drone x2  
  42  3:31  Drone  
  42  3:32  Drone  
  46  3:35  Drone  
  46  3:37  Overlord  
  47  3:42  Overlord  
  47  3:46  Drone x2  
  47  3:48  Drone  
  50  3:49  Drone  
  50  3:59  Spore Crawler, Queen  
  50  4:02  Spore Crawler  
  49  4:03  Drone  
  49  4:07  Drone x3  
  49  4:09  Spore Crawler  
  52  4:12  Lair  
  52  4:14  Extractor  
  51  4:21  Drone, Roach Warren  
  51  4:22  Zergling x2  
  51  4:23  Zergling x4  
  54  4:26  Drone x2  
  54  4:31  Drone x3  
  59  4:32  Drone  
  59  4:38  Drone x4  
  64  4:45  Overlord  
  64  4:48  Extractor  
  64  4:50  Extractor, Drone x2  
  64  4:51  Overlord x2  
  64  5:03  Drone x5  
  64  5:04  Drone x2  
  64  5:05  Drone  
  71  5:13  Extractor  
  70  5:14  Extractor  
  70  5:15  Hatchery, Drone x2  
  70  5:16  Drone  
  70  5:18  Drone x2  
  72  5:29  Zergling x16  
  80  5:36  Drone x2  
  80  5:37  Spire  
  81  5:43  Overlord  
  81  5:44  Evolution Chamber  
  81  5:49  Drone x2  
  83  5:50  Drone x2  
  83  5:55  Queen  
  86  5:58  Overlord  
  86  6:03  Roach x6  
  96  6:09  Roach  
  95  6:15  Spine Crawler  
  95  6:16  Spine Crawler  
  95  6:18  Roach x4  
  99  6:19  Roach  
  99  6:20  Glial Reconstitution  
  101  6:28  Roach  
  101  6:29  Roach x3  
  107  6:39  Roach x2  
  109  6:41  Overlord x4  
  99  6:58  Roach x7  
  103  7:02  Zergling x2  
  103  7:03  Zergling x14  
  105  7:19  Mutalisk x7  
  119  7:29  Mutalisk  
  114  7:30  Mutalisk x4  
  123  7:48  Mutalisk  
  123  7:49  Mutalisk  
  127  7:52  Zergling x2  
  127  7:53  Zergling x18  
  137  8:02  Zergling x2  
  137  8:03  Zergling x6  
Show
View Real Time Build Order
Export as new Build Order

Shakti Protoss 

Build Orders: 1 Gate Expand, Oracle Opening, Zealot Archon 

Get SALT Encoding   

  12  0:00  Probe  
  13  0:12  Probe  
  14  0:17  Pylon  
  14  0:24  Probe  
  15  0:32  Probe  
  15  0:39  Gateway  
  15  0:40  Probe  
  16  0:48  Assimilator  
  17  0:50  Probe  
  18  1:03  Probe  
  19  1:21  Nexus  
  19  1:32  Cybernetics Core  
  19  1:34  Probe  
  20  1:43  Assimilator  
  20  1:46  Probe  
  21  1:51  Pylon  
  21  1:58  Probe  
  22  2:10  Adept, Probe  
  25  2:19  Probe  
  25  2:20  Stargate  
  26  2:27  Probe  
  26  2:29  Probe  
  26  2:30  Warp Gate  
  28  2:37  Stalker, Probe  
  28  2:41  Probe  
  32  2:47  Probe  
  33  2:53  Probe  
  33  2:57  Oracle  
  34  2:59  Probe  
  34  3:05  Probe  
  36  3:08  Pylon  
  36  3:11  Probe  
  40  3:17  Probe  
  40  3:18  Gateway  
  41  3:23  Probe  
  41  3:24  Adept  
  44  3:29  Probe  
  45  3:35  Probe  
  46  3:41  Probe  
  46  3:47  Probe  
  48  3:53  Nexus  
  48  3:56  Probe  
  48  4:00  Probe  
  48  4:01  Twilight Council  
  49  4:08  Probe  
  49  4:09  Charge  
  50  4:11  Forge  
  50  4:13  Protoss Ground Weapons Level 1, Nexus  
  50  4:14  Pylon  
  50  4:18  Probe  
  51  4:27  Probe  
  51  4:29  Gateway, Zealot  
  51  4:30  Gateway  
  54  4:36  Probe  
  55  4:42  Probe  
  55  4:45  Gateway  
  56  4:49  Probe  
  56  4:51  Pylon  
  57  4:56  Gateway  
  57  4:58  Zealot  
  59  5:05  Zealot  
  61  5:07  Pylon, Probe  
  61  5:12  Probe  
  63  5:15  Assimilator  
  63  5:17  Assimilator  
  63  5:19  Probe  
  62  5:28  Zealot x4  
  62  5:29  Probe  
  62  5:33  Probe x2  
  73  5:38  Shield Battery  
  73  5:40  Zealot  
  75  5:47  Probe  
  76  5:51  Zealot x3  
  76  5:53  Zealot  
  76  5:56  Zealot  
  86  6:03  Zealot  
  84  6:11  Zealot  
  84  6:14  Probe  
  84  6:16  Zealot x3  
  92  6:18  Probe  
  92  6:20  Pylon  
  92  6:23  Pylon  
  93  6:39  Zealot x3  
  97  6:40  Zealot x2  
  94  6:47  Probe  
  94  6:50  Zealot  
  94  6:51  Probe x2  
  93  6:55  Robotics Facility  
  93  6:59  Probe  
  82  7:03  Probe  
  82  7:05  Templar Archives, Probe  
  80  7:13  Probe  
  80  7:14  Assimilator  
  79  7:15  Probe  
  79  7:19  Assimilator  
  78  7:29  Probe  
  73  7:32  Warp Prism, Zealot x4  
  73  7:33  Zealot x2  
  83  7:40  Gateway x2  
  85  7:48  Gateway  
  85  7:49  Pylon  
  85  7:53  High Templar x5  
  85  7:54  High Templar  
  85  7:57  Archon x3  
  95  8:15  Pylon  
  95  8:19  Pylon  
Tags
 
Add a new tag
Caveats
  • Supply blocks, unpowered buildings, or Contaminate may cause inaccurate times.
  • Supply counts are checked every 10 seconds.